 Dungeon Crawl Stone Soup version 0.22.0-13-g43fe8f2 (webtiles) character file.

9587 NormalPerson7T the Blocker (level 11, 0/89 HPs)
             Began as a Formicid Fighter on Aug 16, 2018.
             Was a High Priest of Okawaru.
             Killed by vampiric draining
             ... invoked by a vampire
              (5 damage)
             ... on level 11 of the Dungeon.
             The game lasted 00:21:53 (13737 turns).

NormalPerson7T the Blocker (Formicid Fighter)      Turns: 13737, Time: 00:21:54

Health: 0/89       AC: 10    Str: 25      XL:     11   Next: 77%
Magic:  9/15       EV: 12    Int:  7      God:    Okawaru [*****.]
Gold:   782        SH: 14    Dex:  7 (10) Spells: 10/10 levels left

rFire    + . .     SeeInvis +   a - +0 quarterstaff
rCold    + . .     Gourm    .   c - +0 shield
rNeg     . . .     Faith    .   b - +0 scale mail
rPois    .         Spirit   .   (helmet unavailable)
rElec    .         Reflect  .   n - scarf {rC+ rF+}
rCorr    .         Harm     .   s - +0 pair of gloves
MR       ++...                  P - +0 pair of boots
Stlth    ..........             (no amulet)
HPRegen  0.24/turn              M - ring of protection from magic
MPRegen  0.14/turn              k - ring of attention (curse)

@: heroism, finesse
A: permanent stasis, dig shafts and tunnels, four strong arms, antennae 3
a: Dig, Shaft Self, Heroism, Finesse, Renounce Religion


You were on level 11 of the Dungeon.
You worshipped Okawaru.
Okawaru was extremely pleased with you.
You were not hungry.

You visited 1 branch of the dungeon, and saw 11 of its levels.

You collected 782 gold pieces.

Inventory:

Hand Weapons
 a - a +0 quarterstaff (weapon)
 D - a +2 great mace of draining
Missiles
 K - a throwing net (quivered) {!f}
Armour
 b - a +0 scale mail (worn)
 c - a +0 shield (worn)
 n - a scarf of resistance (worn)
 s - a +0 pair of gloves (worn)
 G - the +1 scale mail of Winter {rF+ Slay+3, unknown}
   (You found it on level 7 of the Dungeon)

   It affects your accuracy and damage with ranged weapons and melee attacks
   (+3).
   It protects you from fire.
 P - a +0 pair of boots (worn)
Jewellery
 f - a +3 ring of intelligence
 k - a cursed ring of attention (right hand)
 p - an uncursed ring of ice
 B - an uncursed ring of stealth
 H - an uncursed ring of protection from fire {unknown}
 M - a ring of protection from magic (left hand)
Wands
 g - a wand of random effects (29)
 y - a wand of flame (25)
 C - a wand of scattershot (1)
 F - a wand of paralysis (15)
 J - a wand of acid (8)
Scrolls
 h - 2 scrolls of teleportation {!r, unknown}
 i - 5 scrolls of fear {!r, unknown}
 j - 12 scrolls of identify {!r, unknown}
 l - 2 scrolls of enchant weapon {!r, unknown}
 o - 3 scrolls of noise {!r, unknown}
 q - 2 scrolls of brand weapon {!r, unknown}
 u - 3 scrolls of remove curse {!r, unknown}
 v - 2 scrolls of enchant armour {!r, unknown}
 w - 2 scrolls of amnesia {!r, unknown}
 E - 3 scrolls of blinking {!r, unknown}
 I - a scroll of magic mapping {!r, unknown}
 N - a scroll of fog {!r, unknown}
Potions
 d - 3 potions of might {!q}
 m - a potion of flight {!q, unknown}
 r - 2 potions of mutation {!q, unknown}
 t - 3 potions of heal wounds {!q, unknown}
 x - 2 potions of agility {!q, unknown}
 z - 3 potions of curing {!q, unknown}
 A - 3 potions of degeneration {!q, unknown}
 L - a potion of brilliance {!q, unknown}
 O - a potion of berserk rage {!q, unknown}
Comestibles
 e - 13 rations
 Q - a chunk of flesh


   Skills:
 + Level 9.4(14.4) Fighting
 * Level 8.0(14.6) Maces & Flails
 - Level 8.3(14.7) Staves
 - Level 3.2(8.2) Armour
 + Level 10.1(15.1) Shields
 + Level 6.0 Invocations
 - Level 6.0 Evocations


You had 10 spell levels left.
You didn't know any spells.
Your spell library contained the following spells:

 Spells                   Type           Power        Failure   Level  Hunger
 Conjure Flame            Conj/Fire      #.......     96%         3    ####...
 Freezing Cloud           Conj/Ice/Air   #.........   100%        6    #######
 Mephitic Cloud           Conj/Pois/Air  #.......     96%         3    ####...
 Ring of Flames           Chrm/Fire      #.........   100%        7    #######
 Poisonous Vapours        Pois/Air       #.....       83%         2    ###....


Dungeon Overview and Level Annotations

Branches:
Dungeon (11/15)            Temple (0/1) D:6            Lair (0/6) D:8
    Orc (0/2) D:11

Altars:
Ashenzari
Dithmenos
Elyvilon
Fedhas
Gozag
Hepliaklqana
Kikubaaqudgha
Makhleb
Okawaru
Trog
Vehumet
Zin
The Shining One

Shops:
D:4 *

Annotations:
D:4 2 transporters, Lavandula's ghost, amateur CeBe
D:5 2 transporters, Loudmushroom's ghost, amateur MiFi


Innate Abilities, Weirdness & Mutations

You cannot be hasted, slowed, berserked, paralysed or teleported.
You can dig through walls and to a lower floor.
Your four strong arms can wield two-handed weapons with a shield.
You have a pair of large antennae on your head. (SInv)


Message History

The vampire mosquito draws strength from your injuries!
The vampire mosquito bites you.
* * * LOW HITPOINT WARNING * * *
The vampire mosquito draws strength from your injuries!
The vampire hits you but does no damage.
You block the vampire's attack.
A vampire mosquito comes into view.
The scorpion barely misses you.
Unknown command.
Unknown command.
The vampire mosquito buzzes angrily.
You hit the vampire.
The vampire is severely damaged.
The vampire mosquito bites you!
* * * LOW HITPOINT WARNING * * *
The vampire mosquito draws strength from your injuries!
You hit the vampire but do no damage.
The vampire is severely damaged.
The vampire is infused with unholy energy.
You die...

#...>.........#
#.............#.##
#.$..............#
#.$.............##
#...$..........##
##.............##
##......$.......# .## ##
##.......#......... ...##>##
#>.....@............
.......##......Vsy#.......#.#
..........................
...................o......
..........................
..........y...............
....<....................
........................
............


You could see a vampire (invisible), 2 vampire mosquitoes, a scorpion and an
orc.

Vanquished Creatures
  A fire dragon (D:8)
  A two-headed ogre (D:10)
  An unseen horror (D:7)
  An ugly thing (D:7)
  4 trolls
  Grinder (D:5)
  A wraith (D:7)
  6 yaks (D:10)
  2 wyverns
  A hungry ghost (D:8)
  2 water moccasins
  6 sky beasts
  3 orc warriors
  2 ice beasts
  A necrophage (D:7)
  2 phantoms
  6 ogres
  4 centaurs
  A big kobold (D:8)
  4 bullfrogs
  A scorpion (D:9)
  3 killer bees (D:10)
  4 wights (D:10)
  3 howler monkeys
  A centaur zombie (D:8)
  4 crimson imps
  2 quasits
  2 bullfrog zombies (D:10)
  5 jellies
  4 hounds
  A bullfrog skeleton (D:9)
  2 centaur skeletons
  3 orc priests
  A gnoll shaman (D:8)
  5 iguanas
  10 orc wizards
  4 worker ants
  2 hound zombies
  A worker ant zombie (D:8)
  2 howler monkey zombies
  Robin (D:2)
  5 gnolls (D:8)
  11 adders
  5 shadow imps
  3 oozes
  An adder skeleton (D:8)
  5 worms
  3 dart slugs
  4 leopard geckos
  36 orcs
  4 ball pythons
  9 bats
  5 giant cockroaches
  15 goblins
  5 hobgoblins
  11 jackals
  5 quokkas
  4 frilled lizards
  10 kobolds
  A leopard gecko zombie (D:5)
  A quokka zombie (D:7)
  2 rats
  A plant (D:2)
257 creatures vanquished.

Vanquished Creatures (others)
  A leopard gecko (D:2)
  A rat (D:2)
2 creatures vanquished.

Grand Total: 259 creatures vanquished

Notes
Turn   | Place    | Note
-------+----------+-------------------------------------------
     0 | D:1      | NormalPerson7T the Formicid Fighter began the quest for the Orb.
     0 | D:1      | Reached XP level 1. HP: 18/18 MP: 1/1
   222 | D:1      | Reached XP level 2. HP: 24/24 MP: 2/2
   384 | D:1      | Reached XP level 3. HP: 28/29 MP: 3/3
   444 | D:1      | Reached skill level 4 in Shields
  1008 | D:2      | Noticed Robin
  1046 | D:2      | Reached XP level 4. HP: 29/37 MP: 4/4
  1148 | D:2      | Killed Robin
  1227 | D:2      | Found a radiant altar of Vehumet.
  1627 | D:2      | Reached XP level 5. HP: 42/42 MP: 5/5
  2297 | D:3      | Reached XP level 6. HP: 48/49 MP: 6/6
  2332 | D:3      | Found an iron altar of Okawaru.
  2352 | D:3      | Became a worshipper of Warmaster Okawaru
  2498 | D:3      | Found a shattered altar of Ashenzari.
  2910 | D:4      | Reached skill level 5 in Shields
  2914 | D:4      | Noticed an ogre
  3030 | D:4      | Reached skill level 1 in Invocations
  3063 | D:4      | Noticed an ogre
  3136 | D:4      | Found Lothrum's General Store.
  3161 | D:4      | Killed an ogre
  3305 | D:3      | Reached XP level 7. HP: 14/55 MP: 8/8
  3633 | D:4      | Found a transporter.
  3634 | D:4      | Found a transporter.
  3634 | D:4      | Noticed Lavandula's ghost (amateur CeBe)
  3800 | D:4      | Reached skill level 5 in Staves
  4010 | D:4      | Found a bloodstained altar of Trog.
  4248 | D:4      | Reached skill level 5 in Fighting
  4671 | D:5      | Entered Level 5 of the Dungeon
  4675 | D:5      | Found an ancient bone altar of Kikubaaqudgha.
  4705 | D:5      | Found a white marble altar of Elyvilon.
  4830 | D:5      | Found a transporter.
  4837 | D:5      | Found a transporter.
  4837 | D:5      | Noticed Loudmushroom's ghost (amateur MiFi)
  5014 | D:5      | Reached * piety under Okawaru
  5019 | D:5      | Noticed Grinder
  5028 | D:5      | Reached XP level 8. HP: 49/62 MP: 10/10
  5047 | D:5      | Killed Grinder
  5047 | D:5      | Reached skill level 6 in Shields
  5190 | D:5      | Found a glowing golden altar of the Shining One.
  5411 | D:6      | Found a staircase to the Ecumenical Temple.
  6721 | D:6      | Found a glowing silver altar of Zin.
  6852 | D:6      | Reached XP level 9. HP: 57/69 MP: 12/12
  6855 | D:6      | Reached skill level 1 in Evocations
  7037 | D:6      | Reached ** piety under Okawaru
  7242 | D:6      | Found a hazy altar of Hepliaklqana.
  7405 | D:6      | Found a shadowy altar of Dithmenos.
  7405 | D:6      | Found an opulent altar of Gozag.
  7504 | D:7      | Reached skill level 7 in Shields
  7607 | D:7      | Reached skill level 5 in Invocations
  8496 | D:7      | Reached skill level 1 in Maces & Flails
  8535 | D:7      | Noticed a brown ugly thing
  8553 | D:7      | Killed a brown ugly thing
  8553 | D:7      | Reached *** piety under Okawaru
  8553 | D:7      | Reached XP level 10. HP: 31/79 MP: 12/14
  8787 | D:7      | Noticed an unseen horror
  8826 | D:7      | Reached skill level 8 in Shields
  9183 | D:7      | Killed an unseen horror
  9190 | D:7      | Got a transparent scale mail
 10107 | D:8      | Found a blossoming altar of Fedhas.
 10131 | D:8      | Noticed a fire dragon
 10141 | D:8      | Killed a fire dragon
 10141 | D:8      | Reached **** piety under Okawaru
 10141 | D:8      | Reached skill level 5 in Maces & Flails
 10141 | D:8      | Reached skill level 5 in Evocations
 10387 | D:8      | Reached skill level 9 in Shields
 10417 | D:8      | Found a staircase to the Lair.
 10463 | D:8      | Reached XP level 11. HP: 65/86 MP: 15/15
 11548 | D:9      | Found an ancient bone altar of Kikubaaqudgha.
 11573 | D:9      | Reached ***** piety under Okawaru
 11788 | D:9      | Found a burning altar of Makhleb.
 11793 | D:9      | Found a glowing silver altar of Zin.
 11793 | D:9      | Noticed a balrug
 11793 | D:9      | Noticed an angel
 12036 | D:10     | Entered Level 10 of the Dungeon
 12520 | D:10     | Received a gift from Okawaru
 13390 | D:11     | Noticed a two-headed ogre
 13402 | D:10     | Killed a two-headed ogre
 13402 | D:10     | Reached skill level 10 in Shields
 13702 | D:11     | Found a staircase to the Orcish Mines.
 13737 | D:11     | Killed from afar by a vampire

Skill      XL: |  1  2  3  4  5  6  7  8  9 10 11 |
---------------+----------------------------------+-----
Shields        | 4 5 6 7 9 10 | 10.1
Staves         | 3 4 5 7 8 |  8.3
Fighting       | 4 5 6 7 8 9 |  9.4
Invocations    | 1 3 4 6 |  6.0
Evocations     | 3 5 6 |  6.0
Maces & Flails | 2 5 8 |  8.0
Armour         | |  3.2

Action                   |  1- 3 |  4- 6 |  7- 9 | 10-12 || total
-------------------------+-------+-------+-------+-------++-------
Melee: Quarterstaff      |    93 |   259 |   409 |   474 ||  1235
       Great mace        |       |       |     6 |    51 ||    57
Invok: Heroism           |       |       |     2 |     8 ||    10
       Finesse           |       |       |       |     1 ||     1
 Abil: Dig               |       |     1 |       |       ||     1
Evoke: Wand              |       |       |     2 |     5 ||     7
  Eat: Chunk             |       |     8 |    17 |     9 ||    34
       Ration            |       |       |       |     3 ||     3
Armor: Scale mail        |    37 |    79 |   107 |   119 ||   342
Dodge: Dodged            |    25 |    69 |   118 |   133 ||   345
Block: Shield            |    51 |   125 |   203 |   292 ||   671
